 Dungeon Crawl Stone Soup version 0.23.2-1-ga50397a6bc (webtiles) character file.

Game seed: 3293674502843381215

2766 PikkenKukken the Ruffian (level 9, -10/89 HPs)
             Began as a Troll Fighter on Apr 22, 2019.
             Mangled by a wyvern (12 damage)
             ... on level 7 of the Dungeon.
             The game lasted 00:12:02 (5434 turns).

PikkenKukken the Ruffian (Troll Fighter)            Turns: 5434, Time: 00:12:03

Health: -10/89     AC:  6    Str: 30    XL:     9   Next: 42%
Magic:  0/8        EV: 10    Int:  5    God:
Gold:   266        SH:  0    Dex: 11    Spells: 8/8 levels left

rFire    . . .     SeeInvis .     - Unarmed
rCold    . . .     Gourm    +   (no shield)
rNeg     . . .     Faith    .   a - +0 robe
rPois    +         Spirit   +   (helmet restricted)
rElec    .         Reflect  .   (no cloak)
rCorr    .         Harm     .   (gloves unavailable)
MR       .....                  (boots unavailable)
Stlth    +.........             t - amulet of guardian spirit
HPRegen  0.64/turn              w - +4 ring of strength
MPRegen  0.11/turn              v - ring of poison resistance

@: about to teleport
A: large, unfitting armour, claws 3, fast metabolism 3, gourmand, regeneration
1, shaggy fur 1, tough skin 3
a: no special abilities


You were on level 7 of the Dungeon.
You were not hungry.

You visited 2 branches of the dungeon, and saw 8 of its levels.

You collected 266 gold pieces.

Inventory:

Armour
 a - a +0 robe (worn)
 b - a +1 shield
Jewellery
 f - a +2 ring of dexterity
 t - an amulet of guardian spirit (around neck)
 v - a ring of poison resistance (right claw)
 w - a +4 ring of strength (left claw)
Wands
 q - a wand of enslavement (14)
 y - a wand of disintegration (14)
Scrolls
 e - 8 scrolls of remove curse
 g - a scroll of immolation
 k - a scroll of fog
 l - a scroll of identify
 p - 5 scrolls of teleportation
 u - a scroll of fear
Potions
 c - a potion of might
 h - 3 potions of agility
 i - a potion of flight
 j - 5 potions of heal wounds
 m - a potion of resistance {unknown}
 n - 3 potions of curing
 o - a potion of magic {unknown}
 r - 2 potions of lignification {unknown}
 s - 4 potions of degeneration {unknown}
 x - a potion of mutation {unknown}
 z - a potion of brilliance {unknown}
Comestibles
 d - 12 rations


   Skills:
 - Level 6.1 Fighting
 + Level 3.6 Throwing
 - Level 2.4 Dodging
 - Level 7.0 Shields
 - Level 7.0 Unarmed Combat


You had 8 spell levels left.
You didn't know any spells.
Your spell library contained the following spells:

 Spells                   Type           Power        Failure   Level  Hunger
 Sandblast                Erth           #.....       47%         1    ##.....
 Passwall                 Tmut/Erth      #.......     63%         2    ###....
 Stone Arrow              Conj/Erth      #.....       85%         3    ####...
 Petrify                  Tmut/Erth      #.......     99%         4    #####..
 Lee's Rapid Deconstruct  Erth           #.........   100%        5    ######.


Dungeon Overview and Level Annotations

Branches:
Dungeon (7/15)             Temple (1/1) D:6

Altars:
Ashenzari
Cheibriados
Dithmenos
Elyvilon
Fedhas
Gozag
Hepliaklqana
Kikubaaqudgha
Makhleb
Nemelex Xobeh
Qazlal
Ru
Trog
Uskayaw
Vehumet
Wu Jian
Xom
Yredelemnul
Zin
The Shining One


Innate Abilities, Weirdness & Mutations

You are too large for most types of armour.
You have claws for hands.
Your metabolism is lightning-fast.
You like to eat raw meat.
Your natural rate of healing is unusually fast.
You are covered in fur. (AC +1)
You have extremely tough skin. (AC +3)


Message History

You barely miss the wyvern. The wyvern bites you!
* * * LOW HITPOINT WARNING * * *
The centaur hits you but does no damage.
The wyvern bites you but does no damage.
You claw the wyvern!
The wyvern is moderately wounded.
The centaur barely misses you.
The wyvern bites you but does no damage.
You scratch the wyvern.
The wyvern is heavily wounded.
The centaur barely misses you.
The wyvern bites you but does no damage.
As you read the scroll of teleportation, it crumbles to dust.
You feel strangely unstable. The centaur hits you!
* * * LOW HITPOINT WARNING * * *
The wyvern bites you!
* * * LOW HITPOINT WARNING * * *
The centaur hits you but does no damage.
The wyvern bites you!
You die...

.## # .. ...# .#. #..#
... . #.. #.. .. #..#.#
.. J..##.#.## .###
....J..J.#.....
#cl...... #@##..... .
##(# ..... .. ##.(#...#
# # .. ##..##...# .
###.###........#
...........#...#
...........#.....
#############..........
.#..##.....#.....####..


You could see a wyvern, a centaur and a jelly.

Vanquished Creatures
  Sigmund (D:5)
  A hungry ghost (D:7)
  Duvessa (D:6)
  An ice beast (D:5)
  2 sky beasts (D:5)
  A phantom (D:6)
  2 centaurs
  3 ogres
  2 bullfrogs (D:6)
  A wyvern zombie (D:6)
  Dowan (D:6)
  3 scorpions
  3 wights (D:6)
  3 crimson imps
  A bullfrog zombie (D:5)
  5 hounds
  3 jellies
  A centaur skeleton (D:5)
  2 orc priests
  Terence (D:2)
  Natasha (thrice) (D:2)
  7 orc wizards
  3 worker ants
  A hound zombie (D:5)
  A hound skeleton (D:5)
  A worker ant zombie (D:6)
  4 gnolls (D:4)
  3 adders
  2 river rats (D:5)
  A shadow imp (D:5)
  An adder zombie (D:6)
  2 adder skeletons
  4 worms (D:5)
  A dart slug (D:2)
  6 leopard geckos
  23 orcs
  7 bats
  6 giant cockroaches
  5 hobgoblins
  13 jackals
  4 quokkas
  A ball python skeleton (D:4)
  7 frilled lizards
  A giant cockroach zombie (D:5)
  8 goblins
  A jackal zombie (D:6)
  A kobold (D:1)
  A leopard gecko skeleton (D:5)
  2 quokka skeletons
  15 rats
173 creatures vanquished.

Notes
Turn   | Place    | Note
-------+----------+-------------------------------------------
     0 | D:1      | PikkenKukken the Troll Fighter began the quest for the Orb.
     0 | D:1      | Reached XP level 1. HP: 22/22 MP: 0/0
   248 | D:1      | Reached XP level 2. HP: 29/29 MP: 1/1
   528 | D:1      | Reached skill level 3 in Unarmed Combat
   635 | D:2      | Noticed Natasha
   638 | D:2      | Noticed a crimson imp
   647 | D:2      | Noticed a crimson imp
   647 | D:2      | Killed Natasha
   647 | D:2      | Reached XP level 3. HP: 14/36 MP: 2/2
   698 | D:2      | Found a bloodstained altar of Trog.
   712 | D:2      | Noticed Natasha
   736 | D:2      | Killed Natasha
   736 | D:2      | Reached skill level 4 in Unarmed Combat
   736 | D:2      | Reached XP level 4. HP: 23/44 MP: 3/3
   832 | D:2      | Noticed Natasha
   840 | D:2      | Killed Natasha
   927 | D:2      | Found a shattered altar of Ashenzari.
   930 | D:2      | Noticed Terence
   948 | D:2      | Killed Terence
   948 | D:2      | Reached skill level 5 in Unarmed Combat
   948 | D:2      | Reached XP level 5. HP: 49/50 MP: 4/4
  1469 | D:3      | Found a radiant altar of Vehumet.
  2056 | D:4      | Found an opulent altar of Gozag.
  2070 | D:4      | Reached skill level 6 in Unarmed Combat
  2073 | D:4      | Identified the +6 dagger "Geecoiss" {protect, rElec}
  2129 | D:3      | Reached XP level 6. HP: 46/59 MP: 5/5
  2282 | D:4      | Reached skill level 7 in Unarmed Combat
  2328 | D:4      | Found a stormy altar of Qazlal.
  2375 | D:4      | Reached skill level 3 in Fighting
  2492 | D:4      | Reached XP level 7. HP: 60/67 MP: 4/6
  2594 | D:4      | Found a shimmering altar of Xom.
  2596 | D:4      | Found a hazy altar of Hepliaklqana.
  2596 | D:4      | Noticed a hungry ghost
  2597 | D:4      | Noticed a spectral ugly thing
  2597 | D:4      | Noticed a hungry ghost
  2797 | D:4      | Reached skill level 4 in Fighting
  2881 | D:5      | Entered Level 5 of the Dungeon
  3055 | D:5      | Reached skill level 5 in Fighting
  3100 | D:5      | Found a hide-covered altar of Uskayaw.
  3214 | D:5      | Noticed Sigmund
  3231 | D:5      | Killed Sigmund
  3241 | D:5      | Found a sacrificial altar of Ru.
  3265 | D:5      | Reached XP level 8. HP: 77/83 MP: 5/7
  3272 | D:5      | Reached skill level 6 in Fighting
  3277 | D:5      | Reached skill level 3 in Shields
  3439 | D:5      | Reached skill level 4 in Shields
  3780 | D:5      | Reached skill level 5 in Shields
  4280 | D:6      | Reached skill level 6 in Shields
  4301 | D:6      | Reached XP level 9. HP: 63/89 MP: 6/8
  4556 | D:6      | Found a glowing golden altar of the Shining One.
  4559 | D:6      | Found a basalt altar of Yredelemnul.
  4562 | D:6      | Noticed a profane servitor
  4639 | D:6      | Found a staircase to the Ecumenical Temple.
  4648 | Temple   | Entered the Ecumenical Temple
  4828 | D:6      | Reached skill level 7 in Shields
  4911 | D:6      | Reached skill level 1 in Throwing
  4953 | D:6      | Noticed Duvessa
  4954 | D:6      | Noticed Dowan
  4965 | D:6      | Killed Duvessa
  4965 | D:6      | Reached skill level 2 in Throwing
  4973 | D:6      | Killed Dowan
  5055 | D:6      | Found a sparkling altar of Nemelex Xobeh.
  5168 | D:6      | Noticed an angel
  5421 | D:7      | Reached skill level 3 in Throwing
  5434 | D:7      | HP: 2/89 [wyvern (13)]
  5434 | D:7      | Mangled by a wyvern

Skill      XL: |  1  2  3  4  5  6  7  8  9 |
---------------+----------------------------+-----
Unarmed Combat | 3 4 5 6 7 |  7.0
Fighting       | 3 5 6 |  6.1
Shields        | 6 7 |  7.0
Throwing       | 3 |  3.6
Dodging        | |  2.4

Action                   |  1- 3 |  4- 6 |  7- 9 || total
-------------------------+-------+-------+-------++-------
Melee: Unarmed           |    62 |   182 |   257 ||   501
       Punch             |       |     6 |    10 ||    16
  Use: Scroll            |     6 |     6 |     2 ||    14
       Potion            |       |       |     2 ||     2
 Stab: Sleeping          |     1 |       |     2 ||     3
       Distracted        |       |     1 |       ||     1
       Paralysed         |       |       |     1 ||     1
  Eat: Chunk             |    12 |    16 |    23 ||    51
Armor: Robe              |    28 |    72 |    59 ||   159
Dodge: Dodged            |    35 |   118 |   107 ||   260
